 Dungeon Crawl Stone Soup version 0.30-b1-2-g02819fbbbe (webtiles) character file.

Game seed: 13645222792152580416

13 MajorAdolf the Firebug (level 2, -1/22 HPs)
             Began as a Naga Wanderer on Nov 18, 2023.
             Slain by Terence
             ... wielding a +0 trident
              (3 damage)
             ... on level 2 of the Dungeon.
             The game lasted 00:00:59 (1308 turns).

MajorAdolf the Firebug (Naga Wanderer)              Turns: 1308, Time: 00:00:59

Health: -1/22      AC:  2    Str:  9    XL:     2   Next: 37%
Magic:  0/5        EV:  9    Int: 12    God:
Gold:   39         SH:  0    Dex: 17    Spells: 6/7 levels left

rFire   . . .        a - +0 dagger
rCold   . . .        (no shield)
rNeg    . . .        c - +0 robe
rPois   +            (no helmet)
rElec   .            (no cloak)
rCorr   .            e - +0 pair of gloves
SInv    +            (no barding)
Will    .....        (no amulet)
Stlth   ++           (no ring)
HPRegen 0.23/turn    (no ring)
MPRegen 0.09/turn

%: no passive effects
@: short of breath, very slow
A: AC +0, large, see invisible, deformed body, poison resistance, slowness 2,
spit poison 1, naga tail 1, agile 1, low MP 1
a: Spit Poison


You were on level 2 of the Dungeon.
You visited 1 branch of the dungeon, and saw 2 of its levels.

You collected 39 gold pieces.

Inventory:

Hand Weapons
 a - a +0 dagger (weapon)
Armour
 c - a +0 robe (worn)
 d - a +0 buckler
 e - a +0 pair of gloves (worn)
Jewellery
 h - a +6 ring of strength
Scrolls
 b - a scroll of blinking
 f - a scroll of identify {unknown}
Potions
 i - a potion of degeneration {unknown}


   Skills:
 - Level 1.0 Shields
 - Level 3.0 Spellcasting
 - Level 1.0 Translocations
 + Level 5.5 Fire Magic


You had 6 spell levels left.
You knew the following spells:

 Your Spells              Type           Power      Damage    Failure   Level
a - Foxfire               Conj/Fire      32%        2x1d5     8%          1

Your spell library contained the following spells:

 Spells                   Type           Power      Damage    Failure   Level
 Volatile Blastmotes      Fire/Tloc      18%        2d11      19%         3
 Lesser Beckoning         Tloc           8%         N/A       24%         2
 Momentum Strike          Conj/Tloc      6%         3d8       30%         2
 Ozocubu's Armour         Ice            1%         N/A       58%         3
 Flame Wave               Conj/Fire      8%         2d5       61%         4
 Ozocubu's Refrigeration  Ice            0%         4d7       100%        7


Dungeon Overview and Level Annotations

Branches:
Dungeon (2/15)

Altars:

Annotations:
D:2 Terence


Innate Abilities, Weirdness & Mutations

Your serpentine skin is tough. (AC +0)
You have supernaturally acute eyesight. (SInv)
Armour fits poorly on your strangely shaped body.
Your system is resistant to poisons. (rPois)
You cover ground very slowly.
You can spit poison.
You have a snake-like lower body.
You are agile. (Dex +4, Str/Int -1)
Your magical capacity is low. (-10% MP)


Message History

The foxfire hits Terence but does no damage.
Terence is moderately wounded.
The foxfire hits Terence but does no damage.
Terence is moderately wounded.
Terence closely misses you.
You conjure some foxfire!
The foxfire hits Terence but does no damage.
Terence is moderately wounded.
The foxfire hits Terence.
Terence is heavily wounded.
Terence hits you from afar with a +0 trident.
You conjure some foxfire!
The foxfire hits Terence.
Terence is heavily wounded.
The foxfire hits Terence but does no damage.
Terence is heavily wounded.
Terence hits you from afar with a +0 trident.
You conjure some foxfire!
The foxfire hits Terence but does no damage.
Terence is heavily wounded.
The foxfire hits Terence.
Terence is severely wounded.
Terence hits you from afar with a +0 trident.
You are too injured to fight recklessly!
Unknown command.
Aiming: Spit Poison (2% risk of failure)
Press: ? - help, Shift-Dir - straight line, f - Terence
Aim: Terence, wielding a +0 trident and wearing a +0 scale mail (severely wounded, ally target, 65% to hit)
The splash of poison hits Terence.
Terence is poisoned.
Terence is almost dead.
The foxfire hits Terence.
Terence is almost dead.
The foxfire hits Terence.
Terence is almost dead.
Terence hits you from afar with a +0 trident!
* * * LOW HITPOINT WARNING * * *
Unknown command.
It was a potion of mutation.
You feel extremely strange.
You feel less energetic.
You feel agile.
Terence hits you from afar with a +0 trident.
You die...

... #.. ###
.... #.. #....
#.#
.....##.#####
#...........#
#...........##
.......@.....#
.........#.#.#
.......@.....#
...####+.#.#.#
.. ....... .
#.#.### .###
.#


You could see Terence (poisoned).

Vanquished Creatures
  A dart slug (D:1)
  An endoplasm (D:1)
  A giant cockroach (D:1)
  2 goblins (D:1)
  A ball python (D:1)
  A bat (D:1)
  2 frilled lizards (D:1)
  A kobold (D:1)
  2 rats (D:1)
12 creatures vanquished.

Vanquished Creatures (others)
  59 foxfires
59 creatures vanquished.

Grand Total: 71 creatures vanquished

Notes
Turn   | Place    | Note
-------+----------+-------------------------------------------
     0 | D:1      | MajorAdolf the Naga Wanderer began the quest for the Orb.
     0 | D:1      | MajorAdolf set off with the following items: a +0 dagger, a
                  | scroll of blinking, a +0 robe, a +0 buckler; and the
                  | following spell memorised: Foxfire; and the following
                  | spells available to memorise: Volatile Blastmotes, Lesser
                  | Beckoning, Momentum Strike, Flame Wave.
     0 | D:1      | Reached XP level 1. HP: 15/15 MP: 4/4
   609 | D:1      | Reached XP level 2. HP: 22/22 MP: 0/6
  1300 | D:2      | Noticed Terence
  1307 | D:2      | HP: 1/22 [Terence/+0 trident (8)]
  1308 | D:2      | Gained mutation: Your magical capacity is low. (-10% MP)
                  | [potion of mutation]
  1308 | D:2      | Gained mutation: You are agile. (Dex +4, Str/Int -1)
                  | [potion of mutation]
  1308 | D:2      | Slain by Terence

Illustrated notes

Levels and vault maps discovered:
D:1:      dpeg_arrival_connections, layout_rooms
D:2:      layout_basic, serial_co_window_serial, co_window_paths_b,
          co_window_paths_b, co_window_paths_b, co_window_paths_a,
          co_window_corner_a, co_window_of_opportunity_c, co_window_2corner,
          co_window_broadway_c, co_window_cross_3, co_window_2corner,
          co_window_4corner_a, co_window_4corner_b, glass_columns_b,
          glass_columns_a, glass_columns_a, glass_columns_a,
          dreamdust_ecumenical_altar_drowned_temple, minmay_rat_gold_closets,
          uniq_terence

Action                     || total
---------------------------++-------
   Cast: Foxfire           ||    33
Ability: Spit Poison       ||     2
    Use: Potion            ||     1
  Dodge: Dodged            ||     1
